 Seeded DCSS version 0.29-a0-559-g359e09b9d1 (webtiles) character file.

Game seed: 8572682691686822440 (custom seed)

45401 happo123 the Unseen (level 14, -3/82 HPs)
             Began as a Vampire Enchanter on June 10, 2022.
             Was the Champion of Wu Jian.
             Slain by a wolf spider (7 damage)
             ... on level 1 of the Spider Nest on June 11, 2022.
             The game lasted 01:26:28 (18148 turns).

happo123 the Unseen (Vampire Enchanter)            Turns: 18148, Time: 01:26:31

Health: -3/82      AC: 13    Str:  7    XL:     14   Next: 1%
Magic:  7/25       EV: 17    Int: 33    God:    Wu Jian [******]
Gold:   1270       SH:  0    Dex: 21    Spells: 12/28 levels left

rFire   . . .      SeeInvis +   J - +4 short sword of Saqybav {vamp, Int+7}
rCold   + + .      Faith    .   f - orb {guile}
rNeg    + + +      Spirit   .   I - +2 leather armour {Will+}
rPois   ∞          Reflect  .   l - +1 helmet
rElec   .          Harm     .   S - +0 cloak
rCorr   .          Rampage  .   C - +2 pair of gloves
Will    +....                   e - +0 pair of boots
Stlth   +++++++++.              h - amulet of regeneration
HPRegen 0.00/turn               x - +6 ring of dexterity
MPRegen 0.19/turn               U - ring "Jietuuve" {Will+ Int+4}

@: freezing walls, bloodless, inhibited regen
A: bloodless, fangs 3, see invisible, vampiric 2
a: Bat Form, Revivify, Renounce Religion, Wall Jump, Serpent's Lash, Heavenly
Storm


You were on level 1 of the Spider Nest.
You worshipped Wu Jian.
Wu Jian was exalted by your worship.
You visited 4 branches of the dungeon, and saw 19 of its levels.
You also visited: Ossuary.

You collected 1470 gold pieces.
You spent 200 gold pieces at shops.

Inventory:

Hand Weapons
 J - the +4 short sword of Saqybav (weapon) {vamp, Int+7}
   (You bought it in a shop on level 6 of the Dungeon)

   It occasionally heals its wielder for a portion of the damage dealt when it
   wounds a living foe.
   Int:       It affects your intelligence (+7).
Armour
 e - a +0 pair of boots (worn)
 f - an orb of guile (worn)
 l - a +1 helmet (worn)
 C - a +2 pair of gloves (worn)
 I - a +2 leather armour of willpower (worn)
 S - a +0 cloak (worn)
 X - a scarf of invisibility
 Y - the +4 scale mail of Time Monsters {*Corrode Regen+ Str+6 Dex+4}
   (You found it on level 5 of the Lair of Beasts)

   Str:       It affects your strength (+6).
   Dex:       It affects your dexterity (+4).
   Regen:     It increases your rate of health regeneration.
   *Corrode:  It may corrode you when you take damage.
Magical Staves
 y - a staff of fire
 D - a staff of cold
 H - a staff of conjuration
Jewellery
 h - an amulet of regeneration (around neck)
 x - a +6 ring of dexterity (left hand)
 z - the dreamshard necklace {*Dream Drain}
   (You found it on level 5 of the Dungeon)

   [amulet of nothing]

   It shatters if its wearer takes lethal or near-lethal damage, preventing the
   blow and releasing protective dreams that heal and fight for the wearer.
   Drain:     It drains your maximum health when unequipped.
 U - the ring "Jietuuve" (right hand) {Will+ Int+4}
   (You took it off an orc warrior on level 11 of the Dungeon)

   [ring of willpower]

   Int:       It affects your intelligence (+4).
   Will:      It increases your willpower.
Wands
 a - a wand of charming (3)
 s - a wand of digging (14)
 t - a wand of polymorph (15)
 v - a wand of flame (2)
 E - a wand of paralysis (14)
 V - a wand of iceblast (1)
 Z - a wand of acid (3)
Scrolls
 b - 2 scrolls of enchant armour {unknown}
 d - 7 scrolls of fear {unknown}
 g - 5 scrolls of magic mapping
 i - 3 scrolls of blinking
 j - 8 scrolls of teleportation
 n - 3 scrolls of summoning
 r - 5 scrolls of enchant weapon
 w - 2 scrolls of vulnerability
 A - 3 scrolls of poison
 B - 2 scrolls of brand weapon
 M - 3 scrolls of fog
 Q - 5 scrolls of amnesia
 R - 2 scrolls of immolation
 W - a scroll of torment {unknown}
Potions
 c - 2 potions of invisibility
 k - 4 potions of curing
 m - a potion of resistance {unknown}
 o - 4 potions of heal wounds
 p - 4 potions of flight {unknown}
 q - 2 potions of lignification {unknown}
 u - 3 potions of ambrosia {unknown}
 F - 3 potions of magic
 G - 2 potions of haste
 L - 3 potions of might
 N - 2 potions of brilliance {unknown}
 O - 2 potions of cancellation {unknown}
 P - 3 potions of attraction {unknown}
 T - a potion of degeneration {unknown}


   Skills:
 + Level 7.2 Fighting
 + Level 8.8 Short Blades
 - Level 5.0 Armour
 + Level 9.1 Dodging
 * Level 17.5 Stealth
 + Level 7.5 Spellcasting
 * Level 16.2 Hexes
 + Level 2.3 Translocations
 + Level 7.7 Ice Magic
 + Level 2.2 Evocations


You had 12 spell levels left.
You knew the following spells:

 Your Spells              Type           Power      Damage    Failure   Level
a - Ensorcelled Hibernat  Hex/Ice        100%       N/A       1%          2
b - Confusing Touch       Hex            88%        N/A       1%          3
c - Tukima's Dance        Hex            88%        N/A       1%          3
d - Frozen Ramparts       Ice            100%       1d12      1%          3
e - Summon Mana Viper     Hex/Summ       60%        N/A       4%          5

Your spell library contained the following spells:

 Spells                   Type           Power      Damage    Failure   Level
 Apportation              Tloc           54%        N/A       1%          1
 Freeze                   Ice            100%       1d11      1%          1
 Dazzling Flash           Conj/Hex       100%       N/A       1%          3
 Blink                    Tloc           54%        N/A       3%          2
 Necrotize                Necr           48%        1d6       5%          1
 Summon Small Mammal      Summ           48%        N/A       5%          1
 Lesser Beckoning         Tloc           27%        N/A       6%          3
 Sublimation of Blood     Necr           12%        N/A       8%          2
 Hailstorm                Conj/Ice       38%        3d9       11%         4
 Summon Ice Beast         Ice/Summ       38%        N/A       11%         4
 Vampiric Draining        Necr           12%        2d6       16%         3
 Petrify                  Tmut/Erth      12%        N/A       45%         4
 Manifold Assault         Tloc           27%        N/A       50%         5
 Agony                    Necr           12%        N/A       82%         5
 Blade Hands              Tmut           6%         N/A       82%         5
 Irradiate                Conj/Tmut      6%         3d15      82%         5
 Dragon Form              Tmut           6%         N/A       100%        7
 Monstrous Menagerie      Summ           6%         N/A       100%        7


Dungeon Overview and Level Annotations

Branches:
Dungeon (11/15)            Temple (1/1) D:5            Lair (6/6) D:9
  Swamp (0/4) Lair:4       Spider (1/4) Lair:4        Slime (0/5) Lair:5
    Orc (0/2) D:11        Ossuary (visited)

Altars:
Ashenzari
Cheibriados
Dithmenos
Elyvilon
Fedhas
Gozag
Hepliaklqana
Kikubaaqudgha
Makhleb
Nemelex Xobeh
Okawaru
Qazlal
Ru
Sif Muna
Trog
Uskayaw
Vehumet
Wu Jian
Xom
Yredelemnul
Zin
The Shining One
Jiyva

Shops:
D:6 (


Innate Abilities, Weirdness & Mutations

You do not regenerate when monsters are visible.
You are frail without blood (-20% HP).
You can heal yourself when you bite living creatures.
You are immune to poison.
You have razor-sharp teeth.
You have supernaturally acute eyesight. (SInv)
You are afflicted with vampirism and can become a bat while bloodless.


Message History

Press: ? - help, Q - select action, (/) - cycle Shift-Dir - straight line, f/p - wolf spider
Aim: a wolf spider (moderately wounded, not susceptible)
The wolf spider is unaffected.
The wall freezes the tarantella.
The wall freezes the culicivora!
The culicivora barely misses you.
The wall freezes the wolf spider.
The wolf spider hits you!
The wolf spider bites you but does no damage.
You closely miss the culicivora.
The culicivora is moderately wounded.
The wall freezes the tarantella.
The wall freezes the culicivora.
The culicivora barely misses you.
The wall freezes the wolf spider.
The wolf spider hits you but does no damage.
The wolf spider bites you but does no damage.
You hit the culicivora.
You feel better.
The culicivora is heavily wounded.
The wall freezes the tarantella.
The wall freezes the culicivora.
The culicivora barely misses you.
The wall freezes the wolf spider.
The wolf spider hits you!
The wolf spider bites you but does no damage.
You hit the culicivora.
The culicivora is severely wounded.
The wall freezes the tarantella!
You kill the tarantella!
The Council accepts your kill.
The wall freezes the culicivora.
The wolf spider is healed somewhat.
The wall freezes the wolf spider.
The wolf spider hits you. The wolf spider bites you.
You hit the culicivora but do no damage.
The culicivora is severely wounded.
The wall freezes the wolf spider.
The wolf spider hits you! The wolf spider bites you!
The wall freezes the culicivora.
The culicivora bites you!
* * * LOW HITPOINT WARNING * * *
Casting: Ensorcelled Hibernation (safe; 1% risk of failure)
Confirm with . or Enter, or press ? or * to list all spells.
A mana viper appears with a sibilant hiss.
The wall freezes the wolf spider.
The wolf spider hits you!
* * * LOW HITPOINT WARNING * * *
The wolf spider bites you!
You die...

## ###### ## #..
..^.# ..## #..#
...##...## #...##
.........
#.....###s†......
#.......@s†#
#####..S###
#.<### ####


You could see a wolf spider, a culicivora (ally target) and a friendly mana
viper (summoned).

Vanquished Creatures
  Nessos (Lair:4)
  Harold (D:10)
  6 hydras
  A boulder beetle (Lair:5)
  A death knight (D:11)
  4 two-headed ogres
  A centaur warrior (D:11)
  5 death yaks (Lair:4)
  A deep elf pyromancer (D:11)
  An oklob plant (Lair:5)
  A cyclops (D:11)
  A moth of wrath (Spider:1)
  A manticore (D:11)
  4 torpor snails (Lair:4)
  2 black mambas
  6 cane toads
  A rime drake (Lair:4)
  9 komodo dragons
  A gargoyle (D:11)
  An unseen horror (D:11)
  3 kobold demonologists
  3 trolls
  4 polar bears (Lair:6)
  5 hornets
  A tarantella (Spider:1)
  Grinder (D:3)
  3 dream sheep (Lair:6)
  10 spriggans (Lair:6)
  5 wyverns
  3 basilisks
  38 yaks
  3 steam dragons
  A wraith (D:10)
  A redback (Spider:1)
  Menkaure (D:4)
  2 vampire mosquitoes (D:11)
  16 water moccasins
  4 sky beasts
  12 orc warriors
  5 boggarts (Lair:6)
  7 black bears
  An ogre (D:7)
  30 wolves
  4 centaurs
  2 phantoms
  2 gnoll sergeants
  12 bullfrogs
  3 kobold brigands
  A necrophage (D:5)
  4 scorpions
  3 killer bees (D:7)
  4 electric eels
  3 howler monkeys
  A crimson imp (D:9)
  A human zombie (Ossuary)
  12 orc priests
  A centaur zombie (Ossuary)
  6 hounds
  2 jellies (D:7)
  A gnoll shaman (D:8)
  Jessica (D:3)
  An iguana (D:4)
  11 orc wizards
  3 mummies
  20 gnolls
  8 adders
  A white imp (D:9)
  An ufetubus (D:4)
  3 worms
  3 dart slugs
  39 orcs
  8 ball pythons
  6 endoplasms
  A giant cockroach (D:2)
  3 gnoll zombies (Ossuary)
  3 goblins
  5 hobgoblins
  2 quokkas
  7 bats
  5 frilled lizards
  3 goblin zombies (Ossuary)
  4 hobgoblin zombies (Ossuary)
  26 kobolds
  2 orc zombies (Ossuary)
  8 rats
444 creatures vanquished.

Vanquished Creatures (collateral kills)
  A death yak (Lair:4)
  2 spriggans (Lair:6)
  A wolf (Lair:6)
4 creatures vanquished.

Vanquished Creatures (others)
  3 dancing weapons
  A meliai simulacrum (D:11)
  A howler monkey (D:7)
  50 fungi
  66 plants
121 creatures vanquished.

Grand Total: 569 creatures vanquished

Notes
Turn   | Place    | Note
-------+----------+-------------------------------------------
     0 | D:1      | happo123 the Vampire Enchanter began the quest for the Orb.
     0 | D:1      | Reached XP level 1. HP: 13/13 MP: 3/3
    53 | D:1      | Found a faded altar of an unknown god.
   263 | D:1      | Reached XP level 2. HP: 19/19 MP: 5/5
   329 | D:1      | Learned a level 2 spell: Ensorcelled Hibernation
  1159 | D:2      | Reached skill level 5 in Stealth
  1168 | D:2      | Gained mutation: You are afflicted with vampirism and can
                  | become a bat while bloodless. [Vampire growth]
  1168 | D:2      | Reached XP level 3. HP: 12/20 MP: 3/6
  1172 | D:2      | Learned a level 3 spell: Confusing Touch
  1465 | D:2      | Reached skill level 5 in Hexes
  2058 | D:3      | Noticed Jessica
  2064 | D:3      | Killed Jessica
  2065 | D:3      | Reached XP level 4. HP: 24/24 MP: 7/7
  2346 | D:3      | Reached skill level 1 in Fighting
  2465 | D:3      | Noticed Grinder
  2484 | D:3      | Killed Grinder
  2485 | D:3      | Reached skill level 6 in Stealth
  2485 | D:3      | Reached skill level 1 in Ice Magic
  2485 | D:3      | Reached XP level 5. HP: 26/29 MP: 3/9
  2485 | D:3      | Reached XP level 6. HP: 31/34 MP: 3/10
  2929 | D:4      | Learned a level 3 spell: Tukima's Dance
  3247 | D:4      | Noticed Menkaure
  3260 | D:4      | Reached skill level 7 in Stealth
  3262 | D:4      | Killed Menkaure
  3263 | D:4      | Reached XP level 7. HP: 23/40 MP: 3/11
  3537 | D:4      | Learned a level 3 spell: Frozen Ramparts
  3538 | D:5      | Entered Level 5 of the Dungeon
  3627 | D:5      | Found the dreamshard necklace {*Dream Drain}
  3771 | D:5      | Found a staircase to the Ecumenical Temple.
  3780 | Temple   | Entered the Ecumenical Temple
  3783 | Temple   | Became a worshipper of the Wu Jian Council
  4070 | D:5      | Reached skill level 8 in Stealth
  4776 | D:6      | Reached XP level 8. HP: 45/45 MP: 9/12
  4889 | D:6      | Reached * piety under Wu Jian
  5070 | D:6      | Found a shimmering altar of Xom.
  5185 | D:6      | Reached skill level 9 in Stealth
  5273 | D:6      | Found Esesamae's Antique Weapon Shop.
  6074 | D:7      | Reached XP level 9. HP: 51/51 MP: 14/14
  6081 | D:6      | Bought a bloodstained short sword for 200 gold pieces
  6081 | D:6      | Identified the +4 short sword of Saqybav {vamp, Int+7} (You
                  | bought it in a shop on level 6 of the Dungeon)
  6105 | D:7      | Reached ** piety under Wu Jian
  6145 | D:7      | Reached skill level 10 in Stealth
  6186 | D:7      | Reached skill level 5 in Dodging
  6295 | D:7      | Reached skill level 1 in Armour
  6796 | D:7      | Reached skill level 10 in Hexes
  7043 | D:8      | Found a sand-covered staircase.
  7049 | Ossuary  | Entered an ossuary
  7584 | D:8      | Reached *** piety under Wu Jian
  7686 | D:8      | Reached skill level 11 in Stealth
  7694 | D:8      | Reached skill level 5 in Short Blades
  8180 | D:9      | Reached XP level 10. HP: 21/56 MP: 13/16
  8314 | D:9      | Found a staircase to the Lair.
  8533 | D:9      | HP: 2/57 [yak (8)]
  8534 | D:9      | Reached **** piety under Wu Jian
  8557 | D:9      | Reached skill level 12 in Stealth
  8750 | D:9      | Reached skill level 5 in Spellcasting
  8940 | D:9      | Noticed a two-headed ogre
  8946 | D:9      | Killed a two-headed ogre
  8947 | D:9      | Reached skill level 5 in Ice Magic
  9118 | D:10     | Entered Level 10 of the Dungeon
  9222 | D:10     | Reached XP level 11. HP: 62/62 MP: 15/18
  9338 | D:10     | Noticed a two-headed ogre
  9355 | D:10     | Killed a two-headed ogre
  9356 | D:10     | Reached skill level 13 in Stealth
  9554 | D:10     | Reached skill level 5 in Fighting
  9741 | D:10     | Noticed Harold
  9750 | D:10     | Killed Harold
 10554 | D:11     | Noticed a two-headed ogre
 10562 | D:11     | Killed a two-headed ogre
 10564 | D:11     | Reached ***** piety under Wu Jian
 10667 | D:11     | Noticed a four-headed hydra
 10674 | D:11     | Killed a four-headed hydra
 10687 | D:11     | Reached skill level 14 in Stealth
 10803 | D:11     | Noticed a centaur warrior
 10941 | D:11     | Identified the ring "Jietuuve" {Will+ Int+4}
 11066 | D:11     | Noticed a two-headed ogre
 11070 | D:11     | Killed a two-headed ogre
 11430 | D:11     | Found a staircase to the Orcish Mines.
 11476 | D:11     | Noticed a death knight
 11490 | D:11     | Killed a centaur warrior
 11499 | D:11     | Killed a death knight
 11500 | D:11     | Reached XP level 12. HP: 69/69 MP: 14/21
 11511 | D:11     | HP: 2/69 [meliai simulacrum (6)]
 11730 | Lair:1   | Entered Level 1 of the Lair of Beasts
 12521 | Lair:1   | Noticed a seven-headed hydra
 12530 | Lair:1   | Killed a seven-headed hydra
 13092 | Lair:2   | Reached skill level 15 in Stealth
 13528 | Lair:2   | Noticed an eight-headed hydra
 13531 | Lair:2   | Killed an eight-headed hydra
 13854 | Lair:3   | You fall into a shaft and drop 3 floors!
 13854 | Lair:6   | Entered Level 6 of the Lair of Beasts
 13874 | Lair:5   | Identified the +1 leather armour "Gocoif" {rElec Stlth+}
 13889 | Lair:5   | Found a viscous altar of Jiyva.
 13889 | Lair:5   | Found a staircase to the Slime Pits.
 14209 | Lair:4   | Found a staircase to the Swamp.
 14274 | Lair:3   | Noticed a seven-headed hydra
 14277 | Lair:3   | Killed a seven-headed hydra
 14403 | Lair:3   | Reached skill level 16 in Stealth
 14771 | Lair:4   | Reached skill level 15 in Hexes
 14772 | Lair:4   | Reached XP level 13. HP: 75/75 MP: 23/23
 14853 | Lair:4   | Noticed Nessos
 14859 | Lair:4   | Killed Nessos
 14871 | Lair:4   | Learned a level 5 spell: Summon Mana Viper
 14943 | Lair:4   | Reached skill level 5 in Armour
 15085 | Lair:4   | Found a snail-covered altar of Cheibriados.
 15120 | Lair:4   | Found a hole to the Spider Nest.
 15591 | Lair:5   | Reached skill level 1 in Translocations
 15936 | Lair:5   | Identified the +4 scale mail of Time Monsters {*Corrode
                  | Regen+ Str+6 Dex+4}
 16149 | Lair:5   | Reached skill level 1 in Evocations
 16557 | Lair:6   | Reached skill level 17 in Stealth
 17176 | Lair:6   | Reached ****** piety under Wu Jian
 18132 | Spider:1 | Entered Level 1 of the Spider Nest
 18139 | Spider:1 | Reached XP level 14. HP: 81/82 MP: 22/25
 18148 | Spider:1 | HP: 4/82 [wolf spider (13)]
 18148 | Spider:1 | Slain by a wolf spider

Illustrated notes

Levels and vault maps discovered:
D:1:      ncdulo_lavacross, layout_basic, serial_rivers,
          chequers_serial_rivers_marsh, chequers_serial_rivers_micro_c,
          chequers_serial_rivers_large_a, chequers_serial_rivers_small_a,
          chequers_serial_rivers_micro_e, chequers_serial_rivers_room_b,
          ebering_ecumenical_altar_box, serial_bayou_ford_a
D:2:      layout_loops_ring, minmay_surrounded
D:3:      layout_loops_ring, item_on_display_b, uniq_jessica, uniq_grinder
D:4:      layout_rooms, uniq_menkaure
D:5:      layout_loops_corners, minmay_temple_entry_large_hall, minivault_27,
          chequers_decorated_corner
D:6:      layout_basic, mainiacjoe_overflow_cross_hatched, serial_shops,
          nicolae_take_the_stairs, hangedman_decor_growths
D:7:      cheibrodos_helix_gallery, layout_basic
D:8:      layout_loops_cross, gup_ossuary_entry_pyramid
D:9:      layout_irregular_city, due_lair_maze_entry_diamond,
          minmay_fire_ice_demons
D:10:     layout_stronghold, uniq_harold
D:11:     layout_basic, david_orc_4, grunt_tough_drop
Temple:   dpeg_three_leaves_temple
Lair:1:   layout_layer_cave
Lair:2:   layout_chaotic_city, beast_lair_carwin_8, lemuel_fruit_fields,
          grunt_megastairs_3, infiniplex_staircase_pool_2, lemuel_fruit_tree
Lair:3:   layout_concentric_octagons
Lair:4:   layout_gridlike, swamp_mist_pool, spider_nest_entry_web_field,
          kennysheep_snail_temple, serial_bayou_shore_a, uniq_nessos
Lair:5:   layout_regular_city, slime_altar_1, wad_woods_road_04,
          serial_bayou_shore_b
Lair:6:   minmay_lair_end_enchanted_forest, layout_cave_pods
Spider:1: layout_spider_delve, uniq_agnes

Skill      XL: |  1  2  3  4  5  6  7  8  9 10 11 12 13 |
---------------+----------------------------------------+-----
Stealth        | 5 6 7 8 9 11 12 14 16 17 | 17.5
Hexes          | 5 6 7 9 10 12 13 15 16 | 16.2
Fighting       | 1 2 3 4 5 6 7 |  7.2
Short Blades   | 2 3 4 5 6 7 8 |  8.8
Dodging        | 3 4 5 6 7 8 9 |  9.1
Ice Magic      | 1 2 3 4 5 6 7 |  7.7
Spellcasting   | 3 4 5 6 7 |  7.5
Armour         | 1 3 4 5 |  5.0
Translocations | 2 |  2.3
Evocations     | 2 |  2.2

Action                   |  1- 3 |  4- 6 |  7- 9 | 10-12 | 13-15 || total
-------------------------+-------+-------+-------+-------+-------++-------
Melee: Dagger            |    90 |    69 |   104 |       |       ||   263
       Punch             |     2 |       |       |       |       ||     2
       Bite              |     4 |     3 |    27 |    35 |    13 ||    82
       Short sword       |       |       |   111 |   277 |   177 ||   565
 Cast: Ensorcelled Hiber |    19 |    16 |    51 |    58 |    76 ||   220
       Confusing Touch   |       |     3 |    11 |     4 |     7 ||    25
       Frozen Ramparts   |       |       |    10 |    15 |     4 ||    29
       Tukima's Dance    |       |       |     4 |     4 |       ||     8
       Summon Mana Viper |       |       |       |       |     6 ||     6
Invok: Lunge             |       |       |    33 |    72 |    32 ||   137
       Whirlwind         |       |       |     9 |    32 |    17 ||    58
       Serpent's Lash    |       |       |       |     1 |       ||     1
 Abil: Exsanguinate      |     1 |       |       |       |       ||     1
  Use: Scroll            |       |       |       |    11 |     4 ||    15
       Potion            |       |       |       |     3 |       ||     3
 Stab: Sleeping          |    29 |    20 |    63 |   105 |    69 ||   286
       Confused          |       |     2 |     7 |     1 |     5 ||    15
       Distracted        |       |       |       |     2 |     4 ||     6
       Invisible         |       |       |       |     1 |       ||     1
Armor: Robe              |    20 |    17 |    25 |       |       ||    62
       Leather armour    |       |       |    14 |    50 |    48 ||   112
Dodge: Dodged            |    50 |    46 |    94 |    85 |   119 ||   394

Table legend: (Time is in decaauts)
 A = Elapsed time spent in this place.
 B = Non-inter-level travel time spent in this place.
 C = Inter-level travel time spent in this place.
 D = Time resting spent in this place.
 E = Time spent auto-exploring this place.
 F = Levels seen in this place.
 G = Mean time per level.
                   A        B        C        D        E       F      G
               +--------+--------+--------+--------+--------+-----+--------+
         Total |  18105 |  16423 |   1682 |    682 |  12460 |  20 |  905.2 |
       Dungeon |  11396 |  10502 |    894 |    311 |   8188 |  11 | 1036.0 |
        Temple |     80 |     64 |     16 |      0 |     55 |   1 |   80.0 |
          Lair |   6389 |   5617 |    772 |    319 |   4217 |   6 | 1064.8 |
   Spider Nest |     13 |     13 |      0 |      0 |      0 |   1 |   13.0 |
       Ossuary |    224 |    224 |      0 |     52 |      0 |   1 |  224.0 |
               +--------+--------+--------+--------+--------+-----+--------+

Top non-repeatable levels by time:
  Lair:6: 1678 daAuts
    D:11: 1329 daAuts
  Lair:1: 1234 daAuts
    D:10: 1207 daAuts
  Lair:4: 1142 daAuts
     D:9: 1141 daAuts
     D:7: 1111 daAuts
     D:5: 1103 daAuts
     D:6: 1099 daAuts
     D:1: 1066 daAuts
     D:2: 1020 daAuts
  Lair:5: 1016 daAuts
     D:8: 805 daAuts
     D:3: 784 daAuts
  Lair:2: 742 daAuts
